 Dungeon Crawl Stone Soup version 0.31-a0-819-gf6de2f5ab6 (webtiles) character file.

Game seed: 13946537282491370520

112 qw the Shooter (level 4, -3/28 HPs)
             Began as a Gargoyle Hunter on Sept 23, 2023.
             Slain by a cerulean imp
             ... wielding a +2 spear
             ... summoned by Natasha
              (5 damage)
             ... on level 3 of the Dungeon.
             The game lasted 00:00:48 (1774 turns).

qw the Shooter (Gargoyle Hunter)                    Turns: 1774, Time: 00:00:49

Health: -3/28      AC:  9    Str: 14    XL:     4   Next: 93%
Magic:  4/4        EV: 15    Int: 10    God:
Gold:   68         SH:  0    Dex: 15    Spells: 3/3 levels left

rFire   . . .        Y - +0 shortbow
rCold   . . .        (shield currently unavailable)
rNeg    + . .        h - +0 ring mail
rPois   inf          a - +0 helmet
rElec   +            (no cloak)
rCorr   .            (no gloves)
SInv    +            (no boots)
Will    .....        (no amulet)
Stlth   +            d - ring of see invisible
HPRegen 0.24/turn    e - +5 ring of evasion
MPRegen 0.09/turn

%: no passive effects
@: no status effects
A: sickness immunity, AC +3, negative energy resistance 1, electricity
resistance, torment resistance 1, petrification resistance
a: no special abilities


You were on level 3 of the Dungeon.
You visited 1 branch of the dungeon, and saw 3 of its levels.

You collected 91 gold pieces.
You spent 23 gold pieces at shops.


Innate Abilities, Weirdness & Mutations

You are immune to sickness and miasma.
Your stone body is resilient. (AC +3)
You are immune to poison.
You resist negative energy. (rN+)
You are resistant to electric shocks. (rElec)
You are resistant to unholy torment.
You are immune to petrification.


   Skills:
 - Level 3.3 Fighting
 + Level 5.4 Ranged Weapons
 - Level 1.0 Armour
 - Level 1.5 Dodging
 - Level 1.1 Stealth


You had 3 spell levels left.
You didn't know any spells.
Your spell library was empty.

Inventory:

Hand Weapons
 Y - a +0 shortbow (weapon)
Armour
 a - a +0 helmet (worn)
 c - a scarf of resistance
 h - a +0 ring mail (worn)
Jewellery
 d - a ring of see invisible (left hand)
 e - a +5 ring of evasion (right hand)
Scrolls
 f - 2 scrolls of identify
 j - a scroll of fog {unknown}
Potions
 b - a potion of haste {unknown}
 g - a potion of lignification {unknown}
 i - a potion of ambrosia {unknown}

Dungeon Overview and Level Annotations

Branches:
Dungeon (3/15)

Altars:
Elyvilon

Shops:
D:1 [   D:2 [*

Annotations:
D:3 Natasha


Message History

The cerulean imp is moderately wounded.
The cerulean imp disappears in a puff of smoke!
The cerulean imp hits you but does no damage. x2
You shoot an arrow. The arrow hits the cerulean imp.
The cerulean imp is severely wounded.
Natasha casts a spell.
The cerulean imp hits you but does no damage.
The cerulean imp closely misses you.
You shoot an arrow.
The arrow hits the cerulean imp but does no damage.
The cerulean imp is severely wounded.
The cerulean imp hits you but does no damage.
The cerulean imp closely misses you.
The cerulean imp hits you but does no damage.
You shoot an arrow.
The arrow barely misses the cerulean imp.
The arrow closely misses the cerulean imp.
The arrow misses Natasha.
The cerulean imp closely misses you. The cerulean imp misses you.
You shoot an arrow.
The arrow hits the cerulean imp but does no damage.
The cerulean imp is severely wounded.
The cerulean imp barely misses you.
The cerulean imp hits you but does no damage.
The cerulean imp barely misses you.
You shoot an arrow.
The arrow completely misses the cerulean imp.
The arrow hits the cerulean imp.
The cerulean imp is moderately wounded.
The cerulean imp disappears in a puff of smoke!
The cerulean imp hits you with a +2 spear.
You shoot an arrow.
The arrow closely misses the cerulean imp.
The arrow hits the orc wizard.
The orc wizard is moderately wounded.
The cerulean imp barely misses you. The cerulean imp closely misses you.
You shoot an arrow. The arrow hits the cerulean imp.
The cerulean imp is almost dead.
The cerulean imp hits you with a +2 spear.
You die...

........## #...#
.....#.## ####.#.#
###....# #....#.#
#....######.####)#
#....# #...# #.#
#..#)####.### #.#
#..#..##..# #.#
#[.##..#.## #.#
...###.[.# #@#
..## #..## #5# #)#
#..# ##o# #.# ..##
#oh# ).# #..#
##o## ..# #..#
#.5# ..# #..# #.##
..# ...# ##)# ).#
#..#


You could see 3 orc wizards, Natasha and 2 cerulean imps.

Vanquished Creatures
  An orc priest (D:3)
  An orc wizard (D:3)
  2 worms
  4 orcs (D:3)
  5 endoplasms
  4 giant cockroaches
  6 goblins
  A hobgoblin (D:2)
  5 jackals (D:1)
  2 quokkas
  3 ball pythons
  A bat (D:1)
  2 frilled lizards (D:1)
  3 kobolds
  3 rats (D:1)
43 creatures vanquished.

Notes
Turn   | Place    | Note
-------+----------+-------------------------------------------
     0 | D:1      | qw the Gargoyle Hunter began the quest for the Orb.
     0 | D:1      | Reached XP level 1. HP: 12/12 MP: 1/1
     0 | D:1      | 0 ||| qw: Version: 0.3-a-83-gcd0e7d8
     0 | D:1      | 0 ||| qw: Game counter: 1721
     0 | D:1      | 0 ||| qw: Melee chars always use a shield: true
     0 | D:1      | 0 ||| qw: God list: Okawaru
     0 | D:1      | 0 ||| qw: Allow faded altars: false
     0 | D:1      | 0 ||| qw: Do Orc after clearing Dungeon:15 true
     0 | D:1      | 0 ||| qw: Do second Lair branch before Depths: true
     0 | D:1      | 0 ||| qw: Lair rune preference: random
     0 | D:1      | 0 ||| qw: Goals: Normal
     0 | D:1      | 0 ||| PLANNING D:1-11
    72 | D:1      | Reached XP level 2. HP: 12/17 MP: 2/2
   124 | D:1      | Found Anoedod's Armour Boutique.
   129 | D:1      | 129 ||| SHOPLISTING +0 ring mail (48 gold, have 2).
   165 | D:1      | Found a faded altar of an unknown god.
   172 | D:1      | Noticed an eye of devastation
   177 | D:1      | Noticed a golden eye
   180 | D:1      | Noticed a floating eye
   180 | D:1      | Noticed a golden eye
   305 | D:1      | 305 ||| UPGRADING to ring of see invisible.
   306 | D:1      | 306 ||| UPGRADING to +5 ring of evasion.
   307 | D:1      | 307 ||| READING scroll labelled UVUKHL GIYLIKENO.
   308 | D:1      | 308 ||| DROPPING scroll of butterflies.
   316 | D:1      | 316 ||| Stepping ~*~*~tactically~*~*~ (water).
   374 | D:1      | Reached XP level 3. HP: 21/21 MP: 3/3
   445 | D:1      | Reached skill level 5 in Ranged Weapons
   586 | D:1      | 586 ||| READING 3 scrolls labelled YPTUIH MECUEM.
   587 | D:1      | 587 ||| DROPPING 2 scrolls of amnesia.
   642 | D:2      | Found Ydeylish's Armour Shoppe.
   649 | D:2      | 649 ||| SHOPLISTING +0 ring mail (56 gold, have 34).
   649 | D:2      | 649 ||| SHOPLISTING +2 leather armour of cold resistance
                  | (266 gold, have 34).
   740 | D:2      | 740 ||| UPGRADING to +0 helmet.
   811 | D:2      | 811 ||| UPGRADING to +0 ring mail.
   821 | D:2      | 821 ||| DROPPING +0 leather armour.
   937 | D:2      | Found Nojal's Assorted Antiques.
   942 | D:2      | 942 ||| SHOPLISTING notched moonstone ring (115 gold, have
                  | 44).
   942 | D:2      | 942 ||| BUYING scroll labelled CYCIGEC BUIWUI (23 gold).
   942 | D:2      | Bought a scroll labelled CYCIGEC BUIWUI for 23 gold pieces
   942 | D:2      | 942 ||| SHOPLISTING scroll labelled YNOAWEWISUI (23 gold,
                  | have 21).
   942 | D:2      | 942 ||| SHOPLISTING scroll labelled ZUVAOG VAWIC (23 gold,
                  | have 21).
  1193 | D:2      | 1193 ||| READING scroll labelled CYCIGEC BUIWUI.
  1194 | D:2      | 1194 ||| READING scroll labelled ZUVAOG VAWIC.
  1227 | D:2      | 1227 ||| READING scroll labelled POECES POKIMI.
  1295 | D:2      | 1295 ||| DRINKING 2 bubbling amethyst potions.
  1399 | D:2      | 1399 ||| DROPPING potion of berserk rage.
  1495 | D:3      | Reached skill level 1 in Armour
  1545 | D:3      | 1545 ||| Stepping ~*~*~tactically~*~*~ (retreating).
  1547 | D:3      | 1547 ||| Stepping ~*~*~tactically~*~*~ (retreating).
  1548 | D:3      | 1548 ||| Stepping ~*~*~tactically~*~*~ (retreating).
  1549 | D:3      | 1549 ||| RETREEAATING.
  1550 | D:3      | 1550 ||| STILL RETREEAATING.
  1551 | D:3      | 1551 ||| STILL RETREEAATING.
  1552 | D:3      | 1552 ||| STILL RETREEAATING.
  1559 | D:3      | Reached skill level 3 in Fighting
  1559 | D:3      | Reached XP level 4. HP: 28/28 MP: 4/4
  1658 | D:3      | Found a white marble altar of Elyvilon.
  1746 | D:3      | Noticed Natasha
  1747 | D:3      | 1747 ||| RETREEAATING.
  1749 | D:3      | 1749 ||| STILL RETREEAATING.
  1759 | D:3      | 1759 ||| Stepping ~*~*~tactically~*~*~ (retreating).
  1760 | D:3      | 1760 ||| Stepping ~*~*~tactically~*~*~ (retreating).
  1761 | D:3      | 1761 ||| Stepping ~*~*~tactically~*~*~ (retreating).
  1762 | D:3      | 1762 ||| Stepping ~*~*~tactically~*~*~ (retreating).
  1763 | D:3      | 1763 ||| Stepping ~*~*~tactically~*~*~ (retreating).
  1763 | D:3      | HP: 7/28 [Natasha/puff of flame (4)]
  1764 | D:3      | 1764 ||| Stepping ~*~*~tactically~*~*~ (retreating).
  1764 | D:3      | HP: 3/28 [cerulean imp/+0 spear[Natasha] (4)]
  1772 | D:3      | HP: 1/28 [cerulean imp/+2 spear[Natasha] (2)]
  1774 | D:3      | Slain by a cerulean imp

Levels and vault maps discovered:
D:1:      lightli_arrival_flooded_house, layout_basic, serial_bayou,
          serial_bayou_pond_e, serial_bayou_lagoon_a, serial_bayou_ford_a,
          serial_bayou_pond_a, hellmonk_ecumenical_altar_watching_god,
          serial_shops, shop
D:2:      layout_rooms, serial_shops, shop, nicolae_shop_rolling_square,
          serial_park_tiny_2, minmay_misc_feat_secret_circle,
          grunt_decor_arrowhead, serial_bayou_lake_a
D:3:      layout_rooms, elyvilon_altar_5, uniq_natasha

Skill      XL: |  1  2  3 |
---------------+----------+-----
Ranged Weapons | 5 |  5.4
Armour         | 1 |  1.0
Fighting       | 3 |  3.3
Dodging        | |  1.5
Stealth        | |  1.1

Action                     |  1- 3 |  4- 6 || total
---------------------------+-------+-------++-------
   Fire: Shortbow          |   117 |    38 ||   155
    Use: Scroll            |     5 |       ||     5
         Potion            |     1 |       ||     1
 Armour: Leather armour    |    28 |       ||    28
         Ring mail         |     6 |    30 ||    36
  Dodge: Dodged            |    38 |    33 ||    71

Table legend:
 A = Non-vault XP
 B = Vault XP
 C = Vault XP percentage of total XP
 D = Non-vault monster count
 E = Vault monster count
 F = Vault count percentage of total count
                 A         B        C        D         E       F
            +---------+---------+-------+---------+---------+-------
      Total |     160 |       0 |   0.0 |      43 |       0 |   0.0
            +---------+---------+-------+---------+---------+-------
        D:1 |      42 |       0 |   0.0 |      25 |       0 |   0.0
        D:2 |      16 |       0 |   0.0 |       7 |       0 |   0.0
        D:3 |     102 |       0 |   0.0 |      11 |       0 |   0.0
            +---------+---------+-------+---------+---------+-------
